 Dungeon Crawl Stone Soup version 0.24.0-123-gd5b16e6ec5 (webtiles) character file.

Game seed: 15257077147377436966, levelgen mode: deterministic

30 Descartes the Sneak (level 3, 0/14 HPs)
             Began as a Felid Enchanter on Feb 9, 2020.
             Slain by a jackal (1 damage)
             ... on level 1 of the Dungeon.
             The game lasted 00:02:19 (1888 turns).

Descartes the Sneak (Felid Enchanter)               Turns: 1888, Time: 00:02:19

Health: 0/14       AC:  1    Str:  5    XL:     3   Next: 3%
Magic:  7/7        EV: 18    Int: 16    God:
Gold:   38         SH:  0    Dex: 16    Spells: 5/6 levels left
                                        Lives:  0   Deaths: 0

rFire    . . .     SeeInvis +     - Unarmed
rCold    . . .     Gourm    .   (shield unavailable)
rNeg     . . .     Faith    .   (armour unavailable)
rPois    .         Spirit   .   (helmet unavailable)
rElec    .         Reflect  .   (cloak unavailable)
rCorr    .         Harm     .   (gloves unavailable)
MR       .....                  (boots unavailable)
Stlth    +++.......             e - amulet of rage
HPRegen  0.04/turn              (no ring)
MPRegen  0.10/turn              (no ring)

@: quick
A: very small, no armour, no weapons or thrown items, stealth, claws 1, fangs 3,
see invisible, carnivore, speed 1, shaggy fur 1, slow metabolism 1, sharp paws
a: Evoke Berserk Rage


You were on level 1 of the Dungeon.
You were completely stuffed.

You visited 1 branch of the dungeon, and saw 2 of its levels.

You collected 38 gold pieces.

Inventory:

Jewellery
 e - an amulet of rage (around neck)
Scrolls
 f - a scroll of remove curse {unknown}
 g - a scroll of amnesia {unknown}
 i - a scroll of teleportation {unknown}
Potions
 a - a potion of mutation {unknown}
 c - a potion of might {unknown}
 d - a potion of heal wounds {unknown}
 j - a potion of flight {unknown}
Comestibles
 b - 2 rations
 h - 5 chunks of flesh


   Skills:
 + Level 3.2 Dodging
 + Level 4.5 Stealth
 * Level 2.2 Unarmed Combat
 - Level 2.0 Spellcasting
 - Level 4.4 Hexes


You had 5 spell levels left.
You knew the following spells:

 Your Spells              Type           Power        Failure   Level  Hunger
a - Corona                Hex            ###....      3%          1    #......

Your spell library contained the following spells:

 Spells                   Type           Power        Failure   Level  Hunger
 Confuse                  Hex            ###.....     11%         3    ###....
 Tukima's Dance           Hex            ###.....     11%         3    ###....
 Ensorcelled Hibernation  Hex/Ice        #.....       13%         2    ###....
 Dazzling Spray           Conj/Hex       #.....       26%         3    ###....


Dungeon Overview and Level Annotations

Branches:
Dungeon (2/15)

Altars:


Innate Abilities, Weirdness & Mutations

You cannot wear armour.
You are incapable of wielding weapons or throwing items.
Your paws allow you to move quietly. (Stealth)
You have sharp claws.
You have razor-sharp teeth.
You have supernaturally acute eyesight. (SInv)
You are carnivorous and can eat meat at any time.
You cover ground quickly.
You are covered in fur. (AC +1)
You have a slow metabolism.
Your sharp claws are effective at attacking unaware monsters.


Message History

The jackal bites you but does no damage.
You closely miss the jackal. You bite the jackal, but do no damage.
The jackal is lightly wounded.
The jackal bites you.
You closely miss the jackal.
The jackal is lightly wounded.
The jackal completely misses you.
You closely miss the jackal. You bite the jackal, but do no damage.
The jackal is lightly wounded.
The jackal bites you. The jackal misses you.
You miss the jackal.
The jackal is lightly wounded.
The jackal bites you.
* * * LOW HITPOINT WARNING * * *
You scratch the jackal.
The jackal is severely wounded.
The jackal bites you.
* * * LOW HITPOINT WARNING * * *
The jackal bites you.
You die...

#.#.######.......## #.#..##.#
####.................###....##.#
...............).....+(........#
####....####.........###.....#.#
#.#.## ##.......## #.......#
#.### ##.>...## ####.#### #.#
##.Kw## #.# ##†# ##h## #.# ##..#
#@######## #.# #...#
##.#......###.# ##.##
#.............# #.#
##.....##..##### #.#
#......##..# #.#######
##.....##..# #.......#
#..#÷.....#
#######.#####.###.##.##
#.........÷.##.#


You could see a dart slug, a jackal and a kobold.

Vanquished Creatures
  2 leopard geckos (D:1)
  3 ball pythons (D:1)
  A giant cockroach (D:1)
  3 goblins (D:1)
  5 hobgoblins (D:1)
  2 jackals
  3 bats (D:1)
  3 frilled lizards (D:1)
  A kobold (D:1)
  3 rats (D:1)
26 creatures vanquished.

Notes
Turn   | Place    | Note
-------+----------+-------------------------------------------
     0 | D:1      | Descartes the Felid Enchanter began the quest for the Orb.
     0 | D:1      | Reached XP level 1. HP: 7/7 MP: 4/4
   591 | D:1      | Reached XP level 2. HP: 11/11 MP: 6/6
  1864 | D:2      | Reached XP level 3. HP: 14/14 MP: 7/7
  1888 | D:1      | Slain by a jackal

Levels and vault maps discovered:
D:1:      dpeg_arrival_pits, layout_loops_corners, solitary_fountain,
          minmay_domino_2
D:2:      layout_loops_corners

Skill      XL: |  1  2 |
---------------+-------+-----
Dodging        | 3 |  3.2
Unarmed Combat | 2 |  2.2
Stealth        | |  4.5
Spellcasting   | |  2.0
Hexes          | |  4.4

Action                   || total
-------------------------++-------
Melee: Unarmed           ||    99
       Bite              ||     9
       Punch             ||     1
 Stab: Sleeping          ||     5
  Eat: Chunk             ||     9
Armor: Skin              ||     8
Dodge: Dodged            ||    96
